AoeStats
← Ken

Arabia

506829398Analyzed
1v1 RM · 16d ago on Sep 15, 2026· 30m 0s· 2 players
Game mode
Random Map
Map size
Tiny (2 player)
Population
200
Speed
Normal
Resources
Standard
Victory
Conquest
Starting age
Dark Age
Ending age
Imperial Age
RankedLock teamsTeams togetherTeam positionsShared explorationLock speedFull tech treeHidden civsTurbo modeCheats
Victory
Defeat
🇨🇳 Franks · China
993
+15
🇦🇺 Britons · Australia
969
-15
Richard's Quest
7:59 Loom
10:16 Feudal Age
11:23 Town Watch
11:30 Double-Bit Axe
15:09 Fletching
23:16 Castle Age
23:17 Pikeman
23:21 Crossbowman
25:26 Man-at-Arms
26:32 Squires
27:35 Bodkin Arrow
Ken
1:31 Loom
10:25 Feudal Age
12:39 Wheelbarrow
16:07 Double-Bit Axe
22:48 Castle Age
23:24 Scale Barding Armor
23:54 Forging
23:48 Husbandry
24:48 Stone Mining
28:26 Gold Mining
30:43 Gold Shaft Mining
Connection lost

Rejoining the realm…

Still unreachable

The connection could not be restored.

Session expired

The server has moved on; the page needs a fresh start.